 Dungeon Crawl Stone Soup version 0.31-a0-261-g072fdb8a1f (webtiles) character file.

Game seed: 9422566709018381252

50 qw the Shooter (level 3, -1/21 HPs)
             Began as a Gargoyle Hexslinger on July 13, 2023.
             Slain by a sleepcap (3 damage)
             ... on level 2 of the Dungeon.
             The game lasted 00:00:30 (1371 turns).

qw the Shooter (Gargoyle Hexslinger)                Turns: 1371, Time: 00:00:30

Health: -1/21      AC:  6    Str: 11    XL:     3   Next: 79%
Magic:  4/4        EV: 12    Int: 13    God:
Gold:   39         SH:  0    Dex: 14    Spells: 3/4 levels left

rFire   . . .        Y - +1 sling
rCold   . . .        (no shield)
rNeg    + . .        c - +0 robe
rPois   inf          (no helmet)
rElec   +            (no cloak)
rCorr   .            (no gloves)
SInv    .            h - +0 pair of boots {Fly}
Will    .....        (no amulet)
Stlth   +            (no ring)
HPRegen 0.23/turn    (no ring)
MPRegen 0.09/turn

%: no passive effects
@: flying
A: sickness immunity, AC +3, negative energy resistance 1, electricity
resistance, torment resistance 1, petrification resistance
a: no special abilities


You were on level 2 of the Dungeon.
You visited 1 branch of the dungeon, and saw 2 of its levels.

You collected 39 gold pieces.


Innate Abilities, Weirdness & Mutations

You are immune to sickness and miasma.
Your stone body is resilient. (AC +3)
You are immune to poison.
You resist negative energy. (rN+)
You are resistant to electric shocks. (rElec)
You are resistant to unholy torment.
You are immune to petrification.


   Skills:
 - Level 2.0 Fighting
 + Level 3.6 Ranged Weapons
 - Level 1.5 Dodging
 - Level 1.0 Spellcasting
 - Level 2.6 Hexes


You had 3 spell levels left.
You knew the following spells:

 Your Spells              Type           Power      Damage    Failure   Level
a - Slow                  Hex            28%        N/A       10%         1

Your spell library contained the following spells:

 Spells                   Type           Power      Damage    Failure   Level
 Inner Flame              Hex/Fire       4%         N/A       43%         3
 Portal Projectile        Hex/Tloc       8%         N/A       43%         3
 Cause Fear               Hex            3%         N/A       67%         4

Inventory:

Hand Weapons
 Y - a +1 sling (weapon)
Armour
 a - a +0 ring mail
 c - a +0 robe (worn)
 h - a +0 pair of boots of flying (worn)

Dungeon Overview and Level Annotations

Branches:
Dungeon (2/15)

Altars:


Message History

You shoot a sling bullet. The sling bullet hits the sleepcap.
The sleepcap is moderately damaged.
The sleepcap releases spores at you.
You shoot a sling bullet. The sling bullet hits the sleepcap.
The sleepcap is moderately damaged.
The sleepcap barely misses you. The sleepcap misses you.
You shoot a sling bullet.
The sling bullet hits the sleepcap but does no damage.
The sleepcap is moderately damaged.
The sleepcap misses you.
You shoot a sling bullet. The sling bullet hits the sleepcap.
The sleepcap is heavily damaged.
The sleepcap releases spores at you.
You shoot a sling bullet. The sling bullet hits the sleepcap.
The sleepcap is heavily damaged.
The sleepcap misses you.
You shoot a sling bullet.
The sling bullet hits the sleepcap but does no damage.
The sleepcap is heavily damaged.
The sleepcap releases spores at you but does no damage.
The sleepcap releases spores at you!
You shoot a sling bullet. The sling bullet hits the sleepcap.
The sleepcap is heavily damaged.
The sleepcap releases spores at you.
You shoot a sling bullet.
The sling bullet hits the sleepcap but does no damage.
The sleepcap is heavily damaged.
The sleepcap closely misses you.
You shoot a sling bullet. The sling bullet hits the sleepcap.
The sleepcap is severely damaged.
The sleepcap barely misses you.
You shoot a sling bullet.
The sling bullet hits the sleepcap but does no damage.
The sleepcap is severely damaged.
The sleepcap misses you.
You shoot a sling bullet.
The sling bullet hits the sleepcap but does no damage.
The sleepcap is severely damaged.
The sleepcap releases spores at you.
You die...

..# #.#)# #.#
..#####.#.# ..#
..........# ###
.#########.###
...:.....#%#####
.#######.#.....###
### #...........
..# #...........
..#####
#@..:.......
......#
#f##########
......# .S.
......# )....
......# ......#
......# .......#
......# .........
......#
..........#
......#


You could see a sleepcap and an adder.

Vanquished Creatures
  An adder (D:2)
  3 ball pythons (D:1)
  3 bats (D:1)
  3 endoplasms
  3 giant cockroaches (D:1)
  4 goblins
  5 hobgoblins (D:1)
  3 jackals (D:1)
  2 kobolds (D:1)
  2 quokkas (D:1)
  3 frilled lizards
  2 rats (D:1)
34 creatures vanquished.

Notes
Turn   | Place    | Note
-------+----------+-------------------------------------------
     0 | D:1      | qw the Gargoyle Hexslinger began the quest for the Orb.
     0 | D:1      | Reached XP level 1. HP: 12/12 MP: 2/2
     0 | D:1      | 0 ||| qw: Version: 0.3-a-52-g30416fa
     0 | D:1      | 0 ||| qw: Game counter: 7038
     0 | D:1      | 0 ||| qw: Melee chars always use a shield: true
     0 | D:1      | 0 ||| qw: God list: Okawaru
     0 | D:1      | 0 ||| qw: Allow faded altars: false
     0 | D:1      | 0 ||| qw: Do Orc after clearing Dungeon:15 true
     0 | D:1      | 0 ||| qw: Do second Lair branch before Depths: true
     0 | D:1      | 0 ||| qw: Lair rune preference: random
     0 | D:1      | 0 ||| qw: Goals: Normal
     0 | D:1      | 0 ||| PLANNING D:1-11
   161 | D:1      | Reached XP level 2. HP: 16/16 MP: 3/3
   242 | D:1      | Reached skill level 3 in Ranged Weapons
   409 | D:1      | Reached XP level 3. HP: 21/21 MP: 4/4
   830 | D:1      | 830 ||| UPGRADING to +0 pair of boots of flying.
   855 | D:1      | 855 ||| READING scroll labelled GETOME EBRIYWOSKO.
   856 | D:1      | 856 ||| READING scroll labelled BAISON DOSS.
   860 | D:1      | 860 ||| READING scroll labelled WIRPHYU UTYDUD.
   861 | D:1      | 861 ||| DRINKING 2 sedimented red potions.
   862 | D:1      | 862 ||| DROPPING scroll of poison.
   863 | D:1      | 863 ||| DROPPING potion of attraction.
  1366 | D:2      | HP: 3/21 [sleepcap (7)]
  1367 | D:2      | HP: 1/21 [sleepcap (2)]
  1371 | D:2      | Slain by a sleepcap

Levels and vault maps discovered:
D:1:      lemuel_arrival_river_ford, layout_basic, minmay_pentomino_s2
D:2:      layout_basic

Skill      XL: |  1  2 |
---------------+-------+-----
Ranged Weapons | 3 |  3.6
Fighting       | 2 |  2.0
Dodging        | |  1.5
Spellcasting   | |  1.0
Hexes          | |  2.6

Action                     || total
---------------------------++-------
   Fire: Sling             ||   116
    Use: Scroll            ||     3
         Potion            ||     1
 Armour: Robe              ||    23
  Dodge: Dodged            ||    30

Table legend:
 A = Non-vault XP
 B = Vault XP
 C = Vault XP percentage of total XP
 D = Non-vault monster count
 E = Vault monster count
 F = Vault count percentage of total count
                 A         B        C        D         E       F
            +---------+---------+-------+---------+---------+-------
      Total |      68 |       4 |   5.6 |      32 |       2 |   5.9
            +---------+---------+-------+---------+---------+-------
        D:1 |      47 |       4 |   7.8 |      27 |       2 |   6.9
        D:2 |      21 |       0 |   0.0 |       5 |       0 |   0.0
            +---------+---------+-------+---------+---------+-------
